[Event "Late-Titled-Tuesday-Blitz-July-09-2024"]
[Site "Chess.com"]
[Date "2024.07.09"]
[Round "9"]
[White "Andrei_Skvortsov"]
[Black "HATilay"]
[Result "1-0"]
[WhiteElo "2787"]
[BlackElo "2575"]
[TimeControl "180+1"]
[EndTime "15:44:01 PDT"]
[Termination "Andrei_Skvortsov won on time"]

1. g3 Nf6 2. Bg2 d5 3. Nf3 g6 4. c4 Bg7 5. O-O O-O 6. cxd5 Nxd5 7. Nc3 Nb6 8. d4 Nc6 9. e3 Bd7 10. h3 a5 11. d5 Nb4 12. a3 Na6 13. e4 e6 14. Qc2 exd5 15. Nxd5 Nxd5 16. exd5 Bf5 17. Qc4 Re8 18. Bf4 Qd7 19. g4 Be4 20. Rad1 c6 21.
dxc6 Qxc6 22. Qxc6 Bxc6 23. Nd4 Bxg2 24. Kxg2 Rad8 25.
Be3 Rd5 26. Nf3 Rb5 27. Rd2 Rxb2 28. Rxb2 Bxb2 29. a4 Re4 30. Rb1 Rb4 31. g5 Nc7 32. Rd1 Ne6 33. Rd7 Rxa4 34. Rxb7 Rb4 35. Ra7 a4 36. Bd2 Rc4 37. h4 a3 38. h5 gxh5 39.
Be3 Kg7 40. Nd2 Rb4 41. Nf1 Kg6 42. Ng3 h4 43. Ne2 1-0

[Event "Late-Titled-Tuesday-Blitz-July-09-2024"]
[Site "Chess.com"]
[Date "2024.07.09"]
[Round "9"]
[White "tusplingher"]
[Black "Itay121"]
[Result "0-1"]
[WhiteElo "2667"]
[BlackElo "2544"]
[TimeControl "180+1"]
[EndTime "15:44:02 PDT"]
[Termination "Itay121 won by resignation"]

1. e4 e5 2. Nf3 d5 3. exd5 Nf6 4. Nxe5 Qxd5 5. Nf3 Bd6 6. Be2 Bg4 7. Nc3 Qh5 8. d3 Nc6 9. Be3 O-O-O 10. Qd2 Bb4 11. O-O-O Ne4 12. dxe4 Rxd2 13. Bxd2 Qa5 14. a3 Bxa3 15.
bxa3 Qxa3+ 16. Kb1 Nb4 17. Bc4 Re8 18. Bb3 Be6 19.
Nd5 Nxd5 20. exd5 Bf5 21. Nd4 Bg6 22. Rhe1 Rd8 23. Bc3 c5 24. dxc6 Rxd4 25. cxb7+ Kxb7 26. Bxd4 Qxb3+ 27. Ka1 Qa4+ 28. Kb2 Bxc2 29. Ra1 Qxd4+ 30.
Kxc2 Qxf2+ 31. Kd3 Qf5+ 32. Kd2 Qg5+ 33. Kd3 Qg6+ 34. Kc3 Qf6+ 35. Kc4 a6 36. Reb1+ Ka7 37. Ra3 Qf4+ 38. Kb3 Qxh2 39. Ra2 Qb8+ 40. Kc2 Qc7+ 41. Kd1 Qd7+ 42. Rd2 Qg4+ 43. Ke1 Qe4+ 44. Kf2 Qxb1 0-1

[Event "Late-Titled-Tuesday-Blitz-July-09-2024"]
[Site "Chess.com"]
[Date "2024.07.09"]
[Round "9"]
[White "klercaku"]
[Black "zacachess"]
[Result "0-1"]
[WhiteElo "2381"]
[BlackElo "2494"]
[TimeControl "180+1"]
[EndTime "15:44:02 PDT"]
[Termination "zacachess won by resignation"]

1. e4 c5 2. Nf3 d6 3. d4 cxd4 4. Nxd4 Nf6 5. Nc3 Nc6 6. Be2 e5 7. Nb3 Be7 8. Be3 Be6 9. O-O O-O 10. f4 a5 11. f5 Bd7 12. a4 Nb4 13. g4 Bc6 14. Bf3 d5 15. exd5 Nfxd5 16. Nxd5 Nxd5 17. Bd2 Qb6+ 18. Kh1 Rad8 19. Bxa5 Qa7 20. Bxd8 Rxd8 21.
Qe2 Nf4 22. Qf2 Qa6 23. Rad1 Rxd1 24. Rxd1 e4 25. Bg2 Nxg2 26. Nc5 Qb6 27. a5 Qxa5 28. Nxb7 Qc7 29. Qg3 Nf4 30. Re1 e3+ 31. Kg1 e2 32. h4 Bxb7 33. Kh2 Bd6 34. Kg1 h6 35. g5 h5 36. g6 Nxg6 37. fxg6 Bxg3 38. Rxe2 0-1

[Event "Late-Titled-Tuesday-Blitz-July-09-2024"]
[Site "Chess.com"]
[Date "2024.07.09"]
[Round "9"]
[White "TioCridineno"]
[Black "dodorox"]
[Result "1-0"]
[WhiteElo "2436"]
[BlackElo "2180"]
[TimeControl "180+1"]
[EndTime "15:44:03 PDT"]
[Termination "TioCridineno won on time"]

1. e4 e6 2. d4 d5 3. Nc3 Nf6 4. e5 Nfd7 5. Nce2 c5 6. c3 Nc6 7. Nf3 a6 8. h4 b5 9. Nf4 b4 10. Bd3 Qb6 11. Bc2 a5 12. O-O Ba6 13. Re1 Be7 14. Be3 h6 15. h5 Rc8 16. Rb1 Na7 17.
a4 c4 18. Ra1 Nc6 19. g3 Rb8 20. Kg2 b3 21. Bb1 Kd8 22. Rh1 Kc7 23. Nh4 Rbg8 24. Ne2 Bc8 25. f4 Bxh4 26. Rxh4 Ne7 27. Kf3 Nf8 28.
g4 g5 29. hxg6 Nfxg6 30. Rh1 Bd7 31. Ng3 Qb8 32. Nh5 Qf8 33. Kf2 Nc6 34. Nf6 Rg7 35. Qf3 Nge7 36. Rh4 Bc8 37. Ke2 Ng6 38. Rh1 Bd7 39. Bf2 Nce7 40. f5 exf5 41. gxf5 1-0

[Event "Late-Titled-Tuesday-Blitz-July-09-2024"]
[Site "Chess.com"]
[Date "2024.07.09"]
[Round "9"]
[White "c63_amg"]
[Black "i_like_explosions"]
[Result "1-0"]
[WhiteElo "2775"]
[BlackElo "2555"]
[TimeControl "180+1"]
[EndTime "15:44:04 PDT"]
[Termination "c63_amg won by resignation"]

1. e4 c5 2. Nf3 Nc6 3. Bb5 e6 4. Bxc6 bxc6 5. O-O Qc7 6. d3 Ne7 7. Re1 Ng6 8. b3 Be7 9. Bb2 O-O 10. Nbd2 e5 11. h4 d6 12. h5 Nf4 13. h6 gxh6 14.
g3 Ne6 15. Nc4 Nd4 16. Nxd4 cxd4 17. Bc1 Bg5 18. Qh5 Bxc1 19. Raxc1 Kg7 20. f4 f6 21. Re2 Be6 22. Rh2 Bxc4 23. Qxh6+ Kh8 24. bxc4 Qg7 25.
Qh4 f5 26. fxe5 dxe5 27. exf5 Rxf5 28. Rf1 Rxf1+ 29. Kxf1 Rf8+ 30. Rf2 Rxf2+ 31. Kxf2 Qf7+ 32. Kg2 Qc7 33. Qf6+ Kg8 34. c5 a5 35. a4 h5 36.
Qg6+ Kf8 37. Qxh5 Kg7 38. Qg5+ Kf7 39. Qf5+ Kg7 40. Qe6 Kf8 41. Qd6+ Qxd6 42. cxd6 Ke8 43. Kf3 Kd7 44. Ke4 Kxd6 45. g4 Ke6 46. g5 c5 47. g6 Kf6 48. g7 Kxg7 49. Kxe5 Kg6 50. Kd5 Kf5 51. Kxc5 Ke5 52. Kc4 1-0

[Event "Late-Titled-Tuesday-Blitz-July-09-2024"]
[Site "Chess.com"]
[Date "2024.07.09"]
[Round "9"]
[White "UB_TheQueen"]
[Black "TC2304"]
[Result "0-1"]
[WhiteElo "2108"]
[BlackElo "2355"]
[TimeControl "180+1"]
[EndTime "15:44:05 PDT"]
[Termination "TC2304 won on time"]

1. e4 e6 2. d4 d5 3. Nc3 dxe4 4. Nxe4 Bd7 5. Nf3 Bc6 6. Bd3 Nd7 7. Qe2 Ngf6 8. Bg5 Be7 9. Nxf6+ Bxf6 10. Bxf6 Qxf6 11.
O-O-O Bxf3 12. gxf3 Qxd4 13. Kb1 O-O-O 14. Rhg1 Qf6 15. Qe3 Kb8 16. Rg4 g6 17. Ra4 Nb6 18. Ra3 Rd5 19. Rg1 Rhd8 20. Rb3 Qd4 21. Qe2 h5 22. a3 Qe5 23. Qd2 Qxh2 24. Re1 Qd6 25. Qe3 Rd4 26. Qh6 Qf4 27. Qg7 Qxf3 28. a4 a5 29. Re5 Qh1+ 30. Ka2 Rxa4+ 31. Ra3 Rxa3+ 32. Kxa3 Qa1+ 33. Kb3 a4+ 34. Kc3 Nd5+ 35. Kd2 Qxb2 36.
Rxd5 Qxg7 37. Rxd8+ Ka7 38. Be4 a3 39. Rd3 Qb2 40.
Rb3 Qxb3 41. cxb3 a2 0-1

[Event "Late-Titled-Tuesday-Blitz-July-09-2024"]
[Site "Chess.com"]
[Date "2024.07.09"]
[Round "9"]
[White "realburq"]
[Black "duone"]
[Result "1-0"]
[WhiteElo "2440"]
[BlackElo "2322"]
[TimeControl "180+1"]
[EndTime "15:44:06 PDT"]
[Termination "realburq won by checkmate"]

1. e4 e5 2. Nc3 Nf6 3. g3 Bc5 4.
Bg2 O-O 5. Nge2 c6 6. O-O d5 7. d3 Be6 8. h3 Nbd7 9. Kh2 b5 10.
f4 b4 11. Na4 exf4 12. gxf4 dxe4 13. dxe4 Bc4 14. e5 Nd5 15. Nxc5 Nxc5 16. Qe1 Re8 17.
b3 Bb5 18. Qf2 Qb6 19. Bb2 Nd7 20. Bd4 Qa6 21. Rfe1 Rad8 22. Ng3 Nc3 23. Nf5 Qb7 24.
Nd6 Qc7 25. Nxe8 Rxe8 26. Bxc3 bxc3 27. Rad1 Nf8 28. a4 Ba6 29. Qc5 Ne6 30. Qxc6 Qxc6 31. Bxc6 Rc8 32. Bd7 Rf8 33. Bxe6 fxe6 34. Kg3 Bb7 35. Rd7 Bd5 36. Rd1 Be4 37. Rxa7 Rc8 38. Rdd7 Bxc2 39. Rxg7+ Kh8 40. Rac7 Rd8 41. Rgd7 Rg8+ 42.
Kf3 Rb8 43. Rxc3 Bxb3 44. f5 Bd5+ 45. Rxd5 exd5 46. Ke3 Rf8 47. f6 Re8 48. Kd4 Ra8 49.
Kxd5 Rxa4 50. Rc8# 1-0

[Event "Late-Titled-Tuesday-Blitz-July-09-2024"]
[Site "Chess.com"]
[Date "2024.07.09"]
[Round "9"]
[White "champ2005"]
[Black "vellottiwizard"]
[Result "1/2-1/2"]
[WhiteElo "3050"]
[BlackElo "2770"]
[TimeControl "180+1"]
[EndTime "15:44:07 PDT"]
[Termination "Game drawn by repetition"]

1. d4 Nf6 2. c4 e6 3. Nf3 b6 4. g3 Bb7 5. Bg2 Be7 6. O-O O-O 7. Re1 a5 8. Nc3 Ne4 9. Qc2 f5 10. Nd2 Nc6 11. Ndxe4 Nxd4 12. Qd3 fxe4 13. Nxe4 Nc6 14. Bf4 d6 15. Qd2 Qe8 16. Nc3 Rd8 17. Nb5 Qd7 18. Bh3 Bf6 19. Bg2 Rf7 20. Rad1 Re8 21. b3 Nd8 22. e4 e5 23. Be3 Ne6 24. Nc3 Ref8 25. Nd5 Bd8 26. Rf1 Qe8 27. Qe2 Bg5 28. h4 Bxe3 29. fxe3 Rxf1+ 30. Rxf1 Rxf1+ 31. Qxf1 Bxd5 32. exd5 Nc5 33. Bh3 Qf7 34. Qe2 Qg6 35.
Kh2 Ne4 36. Be6+ Kh8 37. Qf3 Nf6 38. g4 Qc2+ 39. Kh3 e4 40. Qf1 Qd3 41. Qf2 Qd1 42. g5 Qh1+ 43. Qh2 Qf3+ 44. Qg3 Qh1+ 45. Qh2 Qf3+ 46. Qg3 Qh1+ 47. Qh2 1/2-1/2

[Event "Late-Titled-Tuesday-Blitz-July-09-2024"]
[Site "Chess.com"]
[Date "2024.07.09"]
[Round "9"]
[White "AcostaPablo"]
[Black "bancsoo"]
[Result "0-1"]
[WhiteElo "2710"]
[BlackElo "2857"]
[TimeControl "180+1"]
[EndTime "15:44:07 PDT"]
[Termination "bancsoo won by checkmate"]

1. d4 Nf6 2. Nf3 d5 3. c4 c6 4.
e3 Bf5 5. Nc3 e6 6. Be2 Bd6 7.
O-O O-O 8. b3 Nbd7 9. Bb2 h6 10.
Ne1 a5 11. f3 Bh7 12. Bd3 Bxd3 13. Nxd3 Qe7 14. f4 c5 15. cxd5 cxd4 16. exd4 Nxd5 17.
Nxd5 exd5 18. Re1 Qd8 19. Qf3 Nf6 20. Nc5 b6 21. Nb7 Qd7 22. Nxd6 Qxd6 23. a4 Rfe8 24. Rxe8+ Rxe8 25. Ba3 Qd7 26. Rc1 Rc8 27. Qd3 Ne4 28. g3 h5 29. Kg2 h4 30. Qb5 Qg4 31. Rxc8+ Qxc8 32. Qxd5 Qc2+ 33. Kh3 Nf2+ 34. Kxh4 Qh7+ 35. Qh5 Qe4 36. Qe5 Qg2 37. Qe3 Qh3+ 38. Kg5 Qg4# 0-1

[Event "Late-Titled-Tuesday-Blitz-July-09-2024"]
[Site "Chess.com"]
[Date "2024.07.09"]
[Round "9"]
[White "Cambek64"]
[Black "boguszp"]
[Result "1-0"]
[WhiteElo "2458"]
[BlackElo "1954"]
[TimeControl "180+1"]
[EndTime "15:44:07 PDT"]
[Termination "Cambek64 won on time"]

1. e4 c6 2. d4 d5 3. Nc3 dxe4 4. Nxe4 Bf5 5. Ng3 Bg6 6. Nf3 Nd7 7. h4 h6 8. h5 Bh7 9. Bd3 Bxd3 10. Qxd3 e6 11. Bd2 Ngf6 12. Qe2 Be7 13. O-O-O Qb6 14. Kb1 O-O 15. c4 c5 16. Bc3 Rfd8 17. Ne5 cxd4 18. Bxd4 Bc5 19. Bxc5 Qxc5 20. Nxd7 Rxd7 21. Rxd7 Nxd7 22.
Ne4 Qf5 23. g4 Qf4 24. Rd1 Nf6 25. Nxf6+ Qxf6 26. f3 Rd8 27. Rxd8+ Qxd8 28. Kc2 Qc7 29. Qd3 f6 30. b4 b6 31. Kb3 a6 32. a4 e5 33. Qd5+ Kh7 34. c5 a5 35. c6 axb4 36.
Kxb4 Qe7+ 37. Kb5 Qa7 38. Qd2 Qc7 39. Qc3 g6 40. Qd3 f5 41. Qd7+ Qxd7 42. hxg6+ Kxg6 43. cxd7 e4 44. gxf5+ Kxf5 45. fxe4+ 1-0

[Event "Late-Titled-Tuesday-Blitz-July-09-2024"]
[Site "Chess.com"]
[Date "2024.07.09"]
[Round "9"]
[White "bob1263"]
[Black "eightbyeightchess"]
[Result "1-0"]
[WhiteElo "2532"]
[BlackElo "2387"]
[TimeControl "180+1"]
[EndTime "15:44:08 PDT"]
[Termination "bob1263 won by checkmate"]

1. d4 d5 2. c4 c6 3. Nf3 Nf6 4. e3 a6 5. Nbd2 b5 6. b3 Bg4 7. Bd3 e6 8. Qc2 Nbd7 9. O-O Bd6 10. Bb2 O-O 11. Ne5 Bh5 12. f4 Rc8 13. c5 Bb8 14. a4 Bg6 15. axb5 axb5 16. Ra6 Nxe5 17. fxe5 Nd7 18. e4 dxe4 19. Nxe4 Qh4 20. g3 Qh5 21.
Bc1 Rfd8 22. Bf4 Bf5 23. Nf2 Bxd3 24. Nxd3 Qg6 25. Qc3 Nf8 26. Be3 Qh5 27. Nf4 Qg4 28. Bf2 Ng6 29. Nxg6 Qxg6 30. Qf3 Rd5 31. Ra8 h6 32. Rfa1 Qc2 33. Kg2 Qb2 34. R1a7 Bxa7 35. Rxc8+ Kh7 36. Qxf7 Rxd4 37. Qg8+ Kg6 38. Qxe6+ Kh7 39.
Qf5+ g6 40. Qf7# 1-0

[Event "Late-Titled-Tuesday-Blitz-July-09-2024"]
[Site "Chess.com"]
[Date "2024.07.09"]
[Round "9"]
[White "IMVadim"]
[Black "miraitrunks"]
[Result "1-0"]
[WhiteElo "2416"]
[BlackElo "2038"]
[TimeControl "180+1"]
[EndTime "15:44:08 PDT"]
[Termination "IMVadim won by resignation"]

1. e4 e6 2. d4 d5 3. e5 Qd7 4. c3 b6 5. Nf3 Ba6 6. Be3 Bxf1 7. Kxf1 c5 8. g3 Nc6 9. Kg2 Nh6 10. Nbd2 Be7 11.
Nb3 c4 12. Nbd2 Nf5 13. g4 Nh4+ 14. Nxh4 Bxh4 15. f4 h6 16. Qf3 O-O-O 17. Rhf1 f6 18. Rad1 fxe5 19. dxe5 Qb7 20. Bf2 Bxf2 21. Qxf2 Rhf8 22.
Qe3 d4 23. cxd4 Nxd4+ 24. Kg1 Nc2 25. Qc3 Nd4 26. Qxc4+ Kb8 27. Nb3 Nf3+ 28. Kf2 Nxh2 29. Rxd8+ Rxd8 30. Rc1 Nxg4+ 31. Kg3 Ne3 32. Qe2 Qe4 33.
Qf3 Nf5+ 34. Kf2 Qb4 35. Rc3 Nd4 36. Nxd4 Rxd4 37. Qc6 Rxf4+ 38. Ke2 Qe4+ 39. Kd2 Qxc6 40. Rxc6 Rd4+ 41. Ke3 Rd1 42. Rxe6 Kc7 43. Re7+ Kc6 44. Rxg7 a5 45. Rg6+ Kc5 46. Rxh6 Re1+ 47. Kf4 Rf1+ 48.
Kg5 Rg1+ 49. Kf6 Rf1+ 50. Ke7 Re1 51. e6 Kd5 52. Rh5+ Kc6 53. Kf7 Rf1+ 54. Ke8 Kd6 55. e7 Rg1 56. Rh6+ Kc7 57. Rf6 Rd1 58. Kf8 1-0

[Event "Late-Titled-Tuesday-Blitz-July-09-2024"]
[Site "Chess.com"]
[Date "2024.07.09"]
[Round "9"]
[White "th3d4rkness"]
[Black "TheMagician"]
[Result "0-1"]
[WhiteElo "2233"]
[BlackElo "2098"]
[TimeControl "180+1"]
[EndTime "15:44:12 PDT"]
[Termination "TheMagician won on time"]

1. e4 e5 2. Nf3 Nc6 3. d4 exd4 4. Bc4 Nf6 5. e5 d5 6. Bb5 Ne4 7. Nxd4 Bd7 8. Bxc6 bxc6 9. O-O Bc5 10. Be3 Bb6 11. f3 Ng5 12. f4 Ne4 13. Nd2 c5 14. N4b3 Nxd2 15. Qxd2 d4 16. Bf2 a5 17.
Qd3 a4 18. Nd2 Qc8 19. Nc4 O-O 20. Bh4 Bb5 21. Rae1 Qa6 22. b3 Ba5 23. Rd1 Rfe8 24. Rf3 Qg6 25. Qe2 Qh5 26. Bf6 Qg6 27. Rg3 Qxf6 28.
exf6 Rxe2 29. Rxg7+ Kh8 30. Ne5 Be8 31. Kf1 Rd2 32. Re1 Rxc2 33. Re4 d3 34. Nxd3 Bb5 35.
Rc4 Rxc4 0-1

[Event "Late-Titled-Tuesday-Blitz-July-09-2024"]
[Site "Chess.com"]
[Date "2024.07.09"]
[Round "9"]
[White "PapaieDudu"]
[Black "LoonsDeKoeben"]
[Result "1-0"]
[WhiteElo "2417"]
[BlackElo "2423"]
[TimeControl "180+1"]
[EndTime "15:44:13 PDT"]
[Termination "PapaieDudu won by checkmate"]

1. e4 c6 2. Nf3 d5 3. e5 c5 4. c4 d4 5. d3 Nc6 6. Bf4 Qc7 7. Bg3 e6 8. Be2 Nge7 9. Nbd2 h6 10. Ne4 Nf5 11. Bf4 g5 12. Nf6+ Ke7 13. Nxg5 Nxe5 14.
Nge4 Nxd3+ 15. Qxd3 Qxf4 16. g3 Qe5 17. O-O Bd7 18.
Nxd7 Kxd7 19. Bf3 Qc7 20. Bg2 Be7 21. Rab1 a5 22. b3 Rhd8 23. a3 Ke8 24. Rfd1 Kf8 25.
Qe2 Kg8 26. Qh5 Qe5 27. g4 Kh7 28. gxf5 Rg8 29. Qxf7+ Rg7 30. Qxe6 Qf4 31. Ng3 Re8 32. Qe4 Qxe4 33. Bxe4 Reg8 34. f6+ Kh8 35. fxg7+ Kxg7 36. Re1 Kf6 37. Bd5 Rg7 38. Re6+ Kg5 39. Rbe1 Bf6 40. Kh1 Bd8 41. f4+ Kg4 42. Rf1 d3 43. Bf3+ Kxf4 44.
Bh5+ Kg5 45. Rf5+ Kh4 46. Re4+ Kh3 47. Bf3 Bg5 48. Bg2# 1-0

[Event "Late-Titled-Tuesday-Blitz-July-09-2024"]
[Site "Chess.com"]
[Date "2024.07.09"]
[Round "9"]
[White "FabianoCaruana"]
[Black "legendisback1"]
[Result "1-0"]
[WhiteElo "3175"]
[BlackElo "3022"]
[TimeControl "180+1"]
[EndTime "15:44:14 PDT"]
[Termination "FabianoCaruana won by resignation"]

1. e4 g6 2. d4 Bg7 3. Nc3 c6 4. h3 d5 5. e5 f6 6. f4 Nh6 7. Nf3 O-O 8. Bd3 Bf5 9. O-O Nd7 10. Be3 Nb6 11. b3 Rc8 12. g4 Bxd3 13. Qxd3 Nf7 14. e6 Nd6 15. f5 gxf5 16. gxf5 Kh8 17. Kh2 Qe8 18. Bf4 Qh5 19. Bxd6 exd6 20. Rg1 Bh6 21. Rg4 Rg8 22. Rag1 Rxg4 23. Rxg4 Rg8 24. Rxg8+ Kxg8 25. Ne2 Nc8 26. Kg2 Ne7 27. Ng3 Qe8 28. Nh2 Qf8 29. Nh5 Bg5 30. Ng4 Kh8 31. Qf3 Ng8 32.
Qf2 Qe8 33. Nf4 Ne7 34. Ne2 h5 35. Nh2 Qg8 36. Kh1 Qh7 37. h4 Bd2 38. Ng3 Qh6 39. Nhf1 Bf4 40. Qf3 Bxg3 41. Nxg3 Qc1+ 42. Kh2 Qxc2+ 43.
Kh3 Ng8 44. Qxh5+ Kg7 45. Qf7+ Kh8 46. e7 Nxe7 47. Qxf6+ Kg8 48. Qxe7 Qf2 49. f6 1-0

[Event "Late-Titled-Tuesday-Blitz-July-09-2024"]
[Site "Chess.com"]
[Date "2024.07.09"]
[Round "9"]
[White "RodriQA"]
[Black "AlexZambrano"]
[Result "1-0"]
[WhiteElo "2449"]
[BlackElo "2345"]
[TimeControl "180+1"]
[EndTime "15:44:16 PDT"]
[Termination "RodriQA won on time"]

1. b4 a5 2. b5 b6 3. Nf3 d6 4. d4 g6 5. Bf4 Bg7 6. e3 Bb7 7. h3 Nd7 8. Be2 e5 9. Bh2 Ne7 10. O-O O-O 11. a4 e4 12. Nfd2 f5 13. c4 h6 14. Nc3 Kh7 15. Qc2 c5 16. Nb3 Nf6 17. Rfd1 Ne8 18. dxc5 bxc5 19. Nxc5 Qc8 20. Nxb7 Qxb7 21.
Bxd6 Nxd6 22. Rxd6 Rfd8 23. Rad1 Rxd6 24. Rxd6 Qc7 25. Rd1 Rd8 26. Rxd8 Qxd8 27. c5 Qc7 28. c6 Nc8 29. Nd5 Qd6 30. Qc4 Qe6 31. b6 f4 32.
b7 Nd6 33. Qc5 f3 34. Bf1 fxg2 35. Bxg2 Nf5 36. b8=Q Nh4 37. Qg3 Nf5 38. Qf4 Be5 39. Qxe4 h5 40. Nf6+ Qxf6 41. Qcxe5 Qg5 42. c7 1-0

[Event "Late-Titled-Tuesday-Blitz-July-09-2024"]
[Site "Chess.com"]
[Date "2024.07.09"]
[Round "9"]
[White "Richardmaster"]
[Black "Mops_2004"]
[Result "1-0"]
[WhiteElo "2545"]
[BlackElo "2723"]
[TimeControl "180+1"]
[EndTime "15:44:17 PDT"]
[Termination "Richardmaster won on time"]

1. e4 c5 2. Nf3 e6 3. d4 cxd4 4. Nxd4 Nc6 5. Nc3 Qc7 6. Qd3 Nf6 7. Ndb5 Qb8 8. Qg3 d6 9. Be3 a6 10. Nd4 h5 11. f3 Bd7 12. O-O-O Nxd4 13. Bxd4 e5 14.
Bb6 Be6 15. Be2 Nd7 16. Be3 Nf6 17. f4 h4 18. Qf2 Qc7 19. f5 Bc4 20. Bg5 Be7 21. Kb1 Bxe2 22. Qxe2 Qc6 23. Bxf6 Bxf6 24. Rd3 O-O-O 25. Nd5 Kb8 26. Rc3 Qa4 27. Rb3 Qa5 28. Rd1 Rd7 29. Nb6 Rdd8 30. Nc4 Qc7 31. Rd5 Be7 32.
Na5 b5 33. Rdxb5+ axb5 34. Qxb5+ Kc8 35. Rc3 Rd7 36. Qb7+ Kd8 37. Qa8+ 1-0

[Event "Late-Titled-Tuesday-Blitz-July-09-2024"]
[Site "Chess.com"]
[Date "2024.07.09"]
[Round "9"]
[White "Vladimir_2020"]
[Black "subham777"]
[Result "1-0"]
[WhiteElo "2779"]
[BlackElo "2565"]
[TimeControl "180+1"]
[EndTime "15:44:18 PDT"]
[Termination "Vladimir_2020 won by checkmate"]

1. Nf3 d5 2. e3 Nf6 3. c4 e6 4.
Nc3 Be7 5. b3 c5 6. cxd5 Nxd5 7.
Nxd5 exd5 8. Bb2 O-O 9. Be2 Nc6 10. O-O d4 11. Bb5 Bg4 12. h3 Bh5 13. Rc1 Rc8 14.
Re1 d3 15. g4 Bg6 16. Bxc6 Rxc6 17. Ne5 Rc8 18. Qf3 b6 19. Nxg6 fxg6 20. Qe4 Bf6 21. Bxf6 Qxf6 22. Rf1 Rcd8 23. Rc3 Qd6 24. Kg2 h5 25. f4 Rfe8 26. Qc4+ Kh8 27. Rf3 h4 28. g5 Qf8 29. Rxd3 Rxd3 30. Qxd3 Rd8 31. Qxg6 Rxd2+ 32. Rf2 Qa8+ 33. e4 Qd8 34. Qh5+ Kg8 35. Qxh4 Qd4 36.
Rxd2 Qxd2+ 37. Qf2 Qd3 38. e5 Qe4+ 39. Qf3 Qc2+ 40.
Kg3 Qb1 41. Kg4 g6 42. f5 Qg1+ 43. Kf4 Qc1+ 44. Ke4 Qb1+ 45. Kd5 gxf5 46. Ke6 f4 47. Kf6 Qh7 48. Qa8# 1-0

[Event "Late-Titled-Tuesday-Blitz-July-09-2024"]
[Site "Chess.com"]
[Date "2024.07.09"]
[Round "9"]
[White "mamey78"]
[Black "Arysya"]
[Result "0-1"]
[WhiteElo "2637"]
[BlackElo "2916"]
[TimeControl "180+1"]
[EndTime "15:44:19 PDT"]
[Termination "Arysya won by resignation"]

1. e4 c5 2. Nf3 e6 3. c3 d5 4. exd5 Qxd5 5. d4 Nc6 6. Be3 Nf6 7. dxc5 Qxd1+ 8. Kxd1 Ng4 9. b4 a5 10. Bb5 Bd7 11. Nbd2 axb4 12. Bxc6 Bxc6 13. cxb4 b6 14. Nd4 Ba4+ 15. Ke2 Nxe3 16. fxe3 bxc5 17. bxc5 Bxc5 18. Rhc1 Bxd4 19. exd4 O-O 20. Ke3 Ra7 21. Rc3 Rfa8 22. Ne4 h6 23. a3 Be8 24. g3 Kf8 25. Nc5 Ke7 26. Nd3 Rd8 27. Nb4 Rd6 28. d5 exd5 29. Kd4 Bd7 30. Re1+ Be6 31. Nc6+ Rxc6 32. Rxc6 Rxa3 33.
Ke5 Ra4 34. Rc7+ Kf8 35. Re2 Kg8 36. Kd6 Kh7 37. Ke5 Kg6 38. Rf2 Re4+ 39. Kd6 h5 40. Kc5 Rc4+ 41. Kd6 Re4 42. Kc5 Re1 43. Kd6 Kg5 44.
Rcxf7 Bxf7 45. Rxf7 g6 46. Kxd5 Re2 47. h4+ Kg4 48.
Rf6 Kxg3 49. Rxg6+ Kxh4 50. Kd4 Re8 51. Kd3 Kh3 52. Kd2 h4 53. Kd3 Kh2 0-1

[Event "Late-Titled-Tuesday-Blitz-July-09-2024"]
[Site "Chess.com"]
[Date "2024.07.09"]
[Round "9"]
[White "flaviorcb"]
[Black "wild3000"]
[Result "0-1"]
[WhiteElo "2191"]
[BlackElo "2438"]
[TimeControl "180+1"]
[EndTime "15:44:21 PDT"]
[Termination "wild3000 won by checkmate"]

1. d4 d6 2. Nf3 a6 3. Bf4 b5 4.
e3 Bb7 5. a4 Nf6 6. Be2 b4 7.
c3 a5 8. O-O e6 9. h3 Be7 10.
Nbd2 O-O 11. Bd3 Nbd7 12. e4 c5 13. Re1 cxd4 14. cxd4 Nb6 15. Rc1 Qd7 16. Bb5 Qd8 17. b3 Rc8 18. Rxc8 Qxc8 19. Qc1 Qxc1 20. Rxc1 Bxe4 21.
Nxe4 Nxe4 22. Rc7 Nd5 23. Ra7 Nxf4 24. Rxe7 Rc8 25. Ra7 g5 26. Rxa5 Rc1+ 27. Kh2 Rc2 28. Bd3 Rxf2 29. Bxe4 Rxg2+ 30. Kh1 d5 31. Ra8+ Kg7 32.
Bxd5 exd5 33. Ne5 Rg3 34. a5 Rxh3+ 35. Kg1 Rxb3 36. a6 Ra3 37. a7 b3 38. Nc6 b2 39.
Rb8 Nd3 40. Kf1 h5 41. Ke2 Nc1+ 42. Kd1 Nb3 43. Rxb3 Rxb3 44. a8=Q b1=Q+ 45. Kd2 Rd3+ 46. Ke2 Qd1+ 47. Kf2 Rf3+ 48. Kg2 Qf1+ 49. Kh2 Rh3# 0-1

[Event "Late-Titled-Tuesday-Blitz-July-09-2024"]
[Site "Chess.com"]
[Date "2024.07.09"]
[Round "9"]
[White "katharinareinecke"]
[Black "TOCANTINS_TO"]
[Result "0-1"]
[WhiteElo "2082"]
[BlackElo "2054"]
[TimeControl "180+1"]
[EndTime "15:44:21 PDT"]
[Termination "TOCANTINS_TO won on time"]

1. e4 c5 2. Nf3 e6 3. g3 Nc6 4. Bg2 d6 5. O-O Nf6 6. Re1 Be7 7. c3 c4 8. Qe2 b5 9. b3 cxb3 10. axb3 a6 11. d4 d5 12. e5 Nd7 13. Na3 Bb7 14.
c4 bxc4 15. bxc4 dxc4 16. Nxc4 Nb6 17. Be3 Nd5 18. Nfd2 a5 19. Ne4 O-O 20. Ncd6 Bxd6 21.
Nxd6 Ba6 22. Qc2 Ncb4 23. Qe4 Bd3 24. Qh4 Qxh4 25. gxh4 Nc2 26. Red1 Nxa1 27. Rxd3 Nc2 28. Rb3 Rab8 29. Bxd5 exd5 30. Rc3 Rb1+ 31. Kg2 Nxe3+ 32. fxe3 Rb2+ 33. Kg3 Rfb8 34. Rc5 a4 35. Rxd5 a3 36. Nf5 a2 37. Ra5 h6 38. Nd6 Re2 39. Nc4 Rb1 40.
Ra8+ Kh7 41. e6 fxe6 42. Ne5 a1=Q 43. Rf8 Qa3 0-1

[Event "Late-Titled-Tuesday-Blitz-July-09-2024"]
[Site "Chess.com"]
[Date "2024.07.09"]
[Round "9"]
[White "Mikhal867"]
[Black "GulamaliRises"]
[Result "1-0"]
[WhiteElo "2465"]
[BlackElo "2633"]
[TimeControl "180+1"]
[EndTime "15:44:23 PDT"]
[Termination "Mikhal867 won by resignation"]

1. d4 d6 2. e4 Nf6 3. Nc3 g6 4. f4 Bg7 5. e5 dxe5 6. fxe5 Nd5 7. Bc4 Nb6 8. Bb3 c5 9. dxc5 Qxd1+ 10. Kxd1 N6d7 11.
Nd5 Na6 12. Bc4 e6 13. Bxa6 exd5 14. Bb5 O-O 15. Bxd7 Bxd7 16. Nf3 Bg4 17. Bf4 f6 18. exf6 Rxf6 19. Bd6 Re8 20. Rf1 Re3 21. c3 b6 22.
h3 Bxf3+ 23. Rxf3 Rfxf3 24. gxf3 bxc5 25. Bxc5 Rxf3 26. Kc2 a6 27. Rh1 Kf7 28. a4 Ke6 29. h4 Bf6 30. h5 g5 31. Kd1 g4 32. Ke2 Kf5 33. Rd1 Ke4 34. Bd4 Be7 35. Bf2 Bf6 36.
Bd4 g3 37. Bxf6 Rxf6 38. Rd4+ Ke5 39. Rg4 Rf2+ 40. Ke3 Rg2 41. Rg5+ Ke6 42. b4 Ra2 43. Rxg3 Rxa4 44. Rg7 Ra3 45. Kd4 a5 46. Rxh7 Ra4 47.
Rh6+ Kf5 48. Kc5 axb4 49. cxb4 d4 50. Rd6 Kg5 51. Rxd4 Kxh5 52. Rf4 Kg5 53. Rf1 Ra2 54. b5 Rc2+ 55. Kd6 Rd2+ 56. Kc7 Rc2+ 57. Kb7 1-0

[Event "Late-Titled-Tuesday-Blitz-July-09-2024"]
[Site "Chess.com"]
[Date "2024.07.09"]
[Round "9"]
[White "ChessBrainiacOnTwitch"]
[Black "mbachez"]
[Result "1-0"]
[WhiteElo "2804"]
[BlackElo "2617"]
[TimeControl "180+1"]
[EndTime "15:44:29 PDT"]
[Termination "ChessBrainiacOnTwitch won by checkmate"]

1. e4 c6 2. d4 d5 3. e5 Qb6 4. Nc3 Bf5 5. g4 Bd7 6. h4 h5 7. gxh5 e6 8. Be2 c5 9. Nf3 Nc6 10. dxc5 Bxc5 11. Rh2 Qc7 12. Nb5 Qb8 13. Bf4 Nh6 14. Bd3 Ng4 15. Rg2 Ngxe5 16. Nxe5 Nxe5 17. Bh2 a6 18. Qe2 f6 19. Nc3 Bd6 20. Bxe5 Bxe5 21.
Rxg7 f5 22. Rg6 Kf7 23. O-O-O Qc7 24. Bxf5 exf5 25. Nxd5 Qb8 26. Nb6 Bb5 27. c4 Re8 28. Qd3 Bf4+ 29. Kb1 Qe5 30. cxb5 Rad8 31. Nd7 Qe4 32.
Rf6+ Kg7 33. Rxf5 Qxd3+ 34. Rxd3 Bh6 35. bxa6 bxa6 36. Rc5 Re1+ 37. Kc2 Rc1+ 38. Kb3 Rf1 39. Rf5 Rh1 40. Rg3+ Kh8 41. Rf7 Rxh4 42. Nf6 Rb8+ 43.
Kc2 Rc8+ 44. Kd3 Rd8+ 45. Ke2 Rd2+ 46. Kf1 Bg7 47. Rf8+ Bxf8 48. Rg8# 1-0